Map: [ESL] Tropical Sacrifice

Players

Krystianer

  • Race: Protoss Protoss
  • Spawn Location: 7:00

MaNa - Winner!

  • Race: Protoss Protoss
  • Spawn Location: 1:00

Event: DreamHack SC2 Masters 2022 Atlanta (Online)

VOD

Have the link to the VOD?

Description

Time

  • Played on: Oct. 6, 2022, 11:34 a.m.
  • Length: 16:50

All games in this series

Show
View Real Time Build Order
Export as new Build Order

Krystianer Protoss 

Build Orders: Oracle Opening 

Get SALT Encoding   

  12  0:00  Probe  
  13  0:12  Probe  
  14  0:20  Pylon  
  14  0:24  Probe  
  15  0:38  Probe (Chrono Boost)  
  15  0:42  Gateway  
  16  0:47  Probe (Chrono Boost), Assimilator  
  17  0:52  Probe (Chrono Boost)  
  18  1:02  Assimilator  
  18  1:04  Probe (Chrono Boost)  
  19  1:12  Pylon  
  19  1:13  Probe (Chrono Boost)  
  20  1:19  Probe  
  21  1:30  Cybernetics Core  
  21  1:31  Probe  
  22  1:34  Zealot  
  24  1:43  Probe  
  25  1:55  Probe  
  26  2:06  Stargate  
  26  2:08  Stalker (Chrono Boost)  
  28  2:18  Warp Gate  
  28  2:32  Stalker (Chrono Boost)  
  30  2:38  Pylon  
  30  2:50  Nexus  
  30  2:57  Oracle (Chrono Boost)  
  32  3:01  Probe  
  33  3:09  Shield Battery  
  33  3:16  Stalker  
  35  3:21  Probe  
  36  3:33  Probe  
  35  3:45  Probe  
  35  3:46  Oracle  
  35  3:48  Pylon  
  37  3:59  Probe (Chrono Boost)  
  37  4:01  Gateway  
  38  4:04  Probe (Chrono Boost)  
  37  4:10  Stalker  
  37  4:13  Probe (Chrono Boost)  
  37  4:14  Probe (Chrono Boost)  
  40  4:21  Probe (Chrono Boost)  
  42  4:24  Probe (Chrono Boost)  
  42  4:26  Probe (Chrono Boost)  
  42  4:30  Twilight Council  
  43  4:31  Probe  
  43  4:37  Stalker  
  46  4:40  Probe  
  46  4:43  Probe  
  47  4:52  Probe  
  48  4:55  Probe  
  48  4:56  Stalker  
  51  5:00  Blink (Chrono Boost), Stalker  
  51  5:04  Probe  
  54  5:10  Probe  
  55  5:22  Nexus, Probe  
  55  5:23  Probe  
  57  5:29  Stalker  
  57  5:32  Stalker  
  61  5:36  Pylon  
  61  5:38  Probe  
  61  5:42  Assimilator  
  62  5:50  Forge  
  62  5:54  Probe x2, Stalker  
  66  5:57  Stalker  
  66  6:01  Pylon  
  68  6:06  Probe  
  68  6:08  Probe  
  68  6:10  Robotics Facility  
  70  6:18  Protoss Ground Weapons Level 1  
  70  6:20  Stalker x2  
  70  6:22  Probe  
  70  6:23  Probe  
  74  6:34  Probe  
  74  6:36  Probe x2  
  72  6:46  Probe, Stalker  
  75  6:48  Probe x2  
  75  6:53  Photon Cannon  
  77  6:58  Probe (Chrono Boost)  
  77  7:00  Probe (Chrono Boost)  
  80  7:03  Probe (Chrono Boost)  
  80  7:09  Observer, Stalker  
  80  7:10  Probe (Chrono Boost)  
  80  7:13  Probe (Chrono Boost)  
  86  7:16  Probe x2 (Chrono Boost), Stalker  
  86  7:18  Probe (Chrono Boost)  
  86  7:22  Shield Battery  
  90  7:32  Probe  
  90  7:33  Gateway  
  90  7:35  Gateway  
  91  7:39  Stalker  
  91  7:43  Probe  
  91  7:44  Probe  
  92  7:45  Probe  
  92  7:50  Pylon  
  91  7:51  Charge (Chrono Boost)  
  92  8:02  Gateway  
  92  8:04  Zealot  
  92  8:05  Gateway  
  93  8:08  Probe, Gateway  
  93  8:10  Stalker  
  94  8:18  Gateway, Probe  
  94  8:19  Probe  
  96  8:20  Probe  
  96  8:21  Pylon  
  96  8:23  Pylon  
  97  8:30  Probe  
  97  8:31  Probe  
  97  8:32  Probe  
  94  8:35  Stalker x3  
  94  8:53  Stalker  
  79  8:58  Stalker  
  79  8:59  Stalker x3  
  79  9:02  Warp Prism (Chrono Boost), Probe  
  88  9:04  Nexus  
  88  9:06  Pylon  
  88  9:07  Stalker  
  92  9:10  Zealot  
  92  9:12  Assimilator  
  92  9:15  Pylon  
  94  9:18  Zealot x2  
  94  9:21  Photon Cannon  
  98  9:24  Zealot x3  
  98  9:27  Stalker  
  106  9:31  Zealot x2  
  106  9:37  Probe  
  106  9:38  Photon Cannon, Probe  
  111  9:53  Protoss Ground Weapons Level 2 (Chrono Boost)  
  111  9:59  Probe  
  112  10:03  Probe  
  112  10:04  Probe  
  112  10:05  Pylon  
  114  10:09  Zealot x8  
  129  10:26  Gateway  
  126  10:28  Forge  
  126  10:29  Stalker x4  
  126  10:30  Stalker  
  136  10:39  Stalker x3  
  140  10:45  Observer (Chrono Boost), Gateway  
  140  10:47  Gateway  
  135  10:55  Stalker x5  
  141  11:07  Stalker x3  
  147  11:11  Gateway  
  133  11:30  Stalker x5  
  133  11:31  Zealot x4  
  133  11:32  Probe  
  146  11:34  Probe  
  137  11:48  Stalker  
  137  11:49  Stalker  
  137  11:53  Zealot x7  
  155  11:55  Assimilator  
  155  12:00  Stalker  
  155  12:04  Warp Prism (Chrono Boost)  
  143  12:12  Nexus  
  143  12:15  Stalker x5  
  145  12:27  Zealot x5  
  127  12:45  Stalker x4  
  127  12:48  Zealot x6  
  145  13:04  Observer (Chrono Boost)  
  145  13:12  Stalker  
  145  13:13  Stalker  
  145  13:17  Pylon  
  145  13:18  Pylon  
  136  13:20  Pylon  
  136  13:22  Pylon  
  136  13:24  Stalker x7  
  109  13:52  Cybernetics Core  
  93  14:16  Probe (Chrono Boost)  
  96  14:20  Probe x2 (Chrono Boost)  
  96  14:26  Probe (Chrono Boost)  
  96  14:29  Probe x2 (Chrono Boost)  
  75  14:36  Zealot x5  
  79  14:39  Probe  
  79  14:43  Stalker  
  72  15:06  Stalker x3  
  54  15:30  Stalker x2  
  54  15:31  Stalker  
  58  15:42  Robotics Facility  
  56  15:56  Stalker x2  
  56  16:01  Shield Battery  
  56  16:08  Sentry x2  
  56  16:18  Stalker  
  48  16:34  Stalker x2  
Show
View Real Time Build Order
Export as new Build Order

MaNa Protoss - Winner!

Build Orders: Oracle Opening, Archon Immortal 

Get SALT Encoding   

  12  0:00  Probe  
  13  0:12  Probe  
  14  0:18  Pylon  
  14  0:24  Probe (Chrono Boost)  
  15  0:36  Probe (Chrono Boost)  
  15  0:39  Gateway  
  16  0:45  Probe (Chrono Boost)  
  16  0:48  Assimilator  
  17  0:51  Probe  
  18  1:03  Probe (Chrono Boost)  
  19  1:04  Assimilator  
  19  1:07  Pylon  
  19  1:12  Probe (Chrono Boost)  
  19  1:17  Probe (Chrono Boost)  
  21  1:26  Cybernetics Core  
  21  1:29  Probe  
  22  1:38  Zealot  
  24  1:41  Probe  
  25  1:54  Probe  
  26  2:02  Stargate  
  26  2:06  Warp Gate, Probe  
  26  2:13  Stalker  
  28  2:19  Probe  
  28  2:22  Pylon  
  29  2:38  Probe  
  29  2:43  Oracle (Chrono Boost)  
  34  3:00  Nexus  
  33  3:06  Probe  
  33  3:09  Stalker  
  36  3:18  Gateway  
  33  3:35  Oracle  
  33  3:37  Probe  
  35  3:47  Twilight Council  
  33  3:49  Probe  
  33  3:51  Shield Battery  
  33  3:54  Stalker  
  28  4:12  Probe (Chrono Boost)  
  28  4:15  Probe (Chrono Boost)  
  30  4:23  Probe (Chrono Boost)  
  32  4:25  Probe (Chrono Boost)  
  32  4:28  Probe (Chrono Boost)  
  32  4:30  Probe (Chrono Boost)  
  34  4:41  Dark Shrine, Probe  
  34  4:43  Probe  
  35  4:53  Probe  
  35  4:55  Probe  
  35  4:57  Phoenix  
  39  5:05  Probe  
  40  5:07  Probe  
  41  5:17  Probe  
  41  5:19  Probe  
  43  5:29  Probe  
  43  5:32  Probe  
  45  5:38  Robotics Facility  
  45  5:40  Assimilator  
  45  5:42  Probe  
  46  5:45  Probe  
  46  5:47  Assimilator  
  47  5:53  Dark Templar  
  47  5:54  Dark Templar  
  47  5:57  Probe x2  
  52  5:58  Pylon  
  52  6:04  Pylon  
  53  6:07  Forge  
  53  6:09  Probe  
  54  6:11  Pylon  
  54  6:16  Probe  
  55  6:21  Probe  
  56  6:28  Probe  
  56  6:29  Immortal  
  61  6:33  Probe  
  61  6:37  Protoss Ground Weapons Level 1 (Chrono Boost), Blink (Chrono Boost)  
  62  6:40  Probe  
  62  6:45  Probe  
  62  6:46  Stalker  
  66  6:48  Stalker  
  66  6:52  Probe  
  66  6:53  Shield Battery  
  69  6:57  Probe  
  70  7:04  Probe  
  70  7:06  Immortal (Chrono Boost)  
  69  7:11  Sentry  
  75  7:19  Gateway  
  75  7:22  Gateway  
  75  7:28  Stalker  
  75  7:29  Probe  
  78  7:33  Pylon  
  78  7:40  Pylon  
  76  7:49  Pylon  
  76  7:58  Immortal  
  78  8:13  Nexus  
  78  8:14  Stalker x3  
  78  8:18  Pylon  
  84  8:21  Stalker  
  83  8:37  Stalker x3  
  83  8:38  Probe  
  83  8:39  Probe  
  83  8:45  Stalker  
  83  8:47  Immortal (Chrono Boost)  
  83  8:48  Protoss Ground Weapons Level 2 (Chrono Boost)  
  85  8:50  Probe  
  86  9:00  Probe  
  87  9:10  Dark Templar x4  
  95  9:17  Probe  
  95  9:18  Probe  
  95  9:20  Charge  
  97  9:25  Observer (Chrono Boost), Archon  
  97  9:26  Archon  
  97  9:31  Gateway x2  
  98  9:32  Shield Battery  
  98  9:37  Probe x2  
  100  9:44  Gateway  
  100  9:45  Gateway, Probe  
  100  9:49  Probe  
  100  9:51  Immortal (Chrono Boost), Assimilator  
  102  9:58  Pylon  
  106  10:03  Stalker  
  106  10:04  Stalker  
  110  10:10  Dark Templar x2  
  114  10:18  Probe x2  
  114  10:20  Warp Prism, Probe  
  117  10:26  Assimilator  
  117  10:28  Dark Templar x2  
  122  10:41  Dark Templar  
  124  10:44  Archon x2, Pylon  
  124  10:45  Archon  
  124  10:46  Pylon  
  124  10:53  Pylon  
  124  10:55  Pylon  
  124  11:02  Warp Prism  
  124  11:04  Nexus  
  124  11:07  Stalker  
  124  11:08  Stalker x2  
  123  11:18  Zealot  
  123  11:19  Zealot x4  
  125  11:32  Zealot x2  
  123  11:37  Stalker  
  123  11:38  Immortal  
  119  11:40  Stalker  
  119  11:41  Stalker x2  
  125  11:50  Dark Templar x2  
  125  11:57  Zealot x2  
  125  11:59  Archon  
  126  12:04  Probe x2  
  128  12:10  Stalker x4  
  136  12:18  Observer  
  133  12:26  Zealot x4  
  117  12:43  Zealot, Stalker x3  
  117  13:01  Zealot x4  
  113  13:19  Dark Templar x2  
  64  14:38  Dark Templar  
Tags
 
Add a new tag
Caveats
  • Supply blocks, unpowered buildings, or Contaminate may cause inaccurate times.
  • Supply counts are checked every 10 seconds.